 Dungeon Crawl Stone Soup version 0.22-a0-346-ga714374 (webtiles) character file.

303221 mhoghedin the Warrior (level 21, -9/198 HPs)
             Began as a Ghoul Monk on Apr 4, 2018.
             Was the Champion of Cheibriados.
             Killed from afar by Xtahua (103 damage)
             ... with a searing blast
             ... on level 4 of the Vaults on Apr 6, 2018.
             The game lasted 01:44:41 (41839 turns).

mhoghedin the Warrior (Ghoul Monk)                 Turns: 41839, Time: 01:44:42

Health: -9/198     AC: 21    Str: 37    XL:     21   Next: 8%
Magic:  25/27      EV: 18    Int: 25    God:    Cheibriados [******]
Gold:   1721       SH: 29    Dex: 27    Spells: 4/20 levels left

rFire    . . .     SeeInvis .     - Unarmed
rCold    + . .     Gourm    .   g - +6 large shield
rNeg     + + +     Faith    +   X - +3 plate armour
rPois    ∞         Spirit   .   E - +0 helmet
rElec    .         Reflect  .   Y - scarf {cloud immunity}
rCorr    .         Harm     .   (no gloves)
MR       ++++.                  I - +0 pair of boots
Stlth    ..........             o - amulet of faith {Faith, !P}
HPRegen  0.00/turn              e - ring of protection from magic {MR+, !d}
MPRegen  0.20/turn              N - ring of the Mage {Wiz MR++ Int+3}

@: rotting, very slow
A: rotting body, claws 1, carnivore, cold resistance 1, negative energy
resistance 3, inhibited regeneration, torment resistance, unbreathing
}: 2/15 runes: barnacled, gossamer
a: Bend Time, Temporal Distortion, Slouch, Step From Time, Renounce Religion


You were on level 4 of the Vaults.
You worshipped Cheibriados.
Cheibriados was exalted by your worship.
You were not hungry.

You visited 7 branches of the dungeon, and saw 36 of its levels.
You also visited: Sewer and Ice Cave.

You collected 3220 gold pieces.
You spent 1499 gold pieces at shops.

Inventory:

Hand Weapons
 a - a +6 fustibalus
   (You found it on level 5 of the Lair of Beasts)
Missiles
 n - 9 throwing nets {=f, !d}
 Q - 280 sling bullets
Armour
 g - a +6 large shield (worn)
   (You took it off an orc wizard on level 9 of the Dungeon)
 s - a +2 cloak of poison resistance
   (You found it in an ice cave)
 E - a +0 helmet (worn)
   (You found it on level 12 of the Dungeon)
 I - a +0 pair of boots (worn)
   (You found it on level 2 of the Spider Nest)
 X - a +3 plate armour (worn)
   (You took it off a death knight on level 2 of the Vaults)
 Y - a scarf of cloud immunity (worn)
   (You acquired it on level 4 of the Vaults)
Jewellery
 e - a ring of protection from magic (left claw) {MR+, !d}
   (You found it on level 4 of the Dungeon)
 i - an uncursed ring of protection from fire {rF+, !d}
   (You found it on level 2 of the Spider Nest)
 o - an amulet of faith (around neck) {Faith, !P}
   (You found it on level 2 of the Dungeon)
 u - an uncursed ring of see invisible {sInv, !d}
   (You found it on level 5 of the Dungeon)
 x - an uncursed ring of flight {+Fly, !d}
   (You found it on level 1 of the Lair of Beasts)
 D - an uncursed ring of resist corrosion
   (You found it on level 4 of the Spider Nest)
 G - an uncursed ring of ice {rC+, rF-}
   (You took it off Fannar on level 1 of the Lair of Beasts)
 N - the ring of the Mage (right claw) {Wiz MR++ Int+3}
   (You found it on level 4 of the Lair of Beasts)

   [ring of wizardry]

   It improves your spell success rate.
   It affects your intelligence (+3).
   It affects your resistance to hostile enchantments.
 O - the ring "Maim" {rC+++ Str+3 Int-4 Stlth+}
   (You bought it in a shop on level 1 of the Vaults)

   [ring of strength]

   It affects your strength (+3).
   It affects your intelligence (-4).
   It renders you almost immune to cold.
   It makes you more stealthy.
Wands
 d - a wand of disintegration (49)
   (You found it on level 8 of the Dungeon)
 l - a wand of iceblast (7)
   (You found it on level 7 of the Dungeon)
 y - a wand of scattershot (6)
   (You found it on level 7 of the Dungeon)
 z - a wand of digging (11)
   (You found it on level 7 of the Dungeon)
 J - a wand of flame (30)
   (You found it on level 2 of the Lair of Beasts)
 K - a wand of acid (14)
   (You found it on level 3 of the Lair of Beasts)
 L - a wand of enslavement (23)
   (You found it on level 2 of the Lair of Beasts)
 W - a wand of paralysis (12)
   (You found it on level 2 of the Vaults)
Scrolls
 c - 8 scrolls of teleportation
 f - a scroll of torment
 p - 4 scrolls of blinking {!r}
 w - 8 scrolls of amnesia
 B - 13 scrolls of remove curse
 C - 4 scrolls of immolation {!r}
 H - a scroll of fog
 R - 2 scrolls of fear
 T - a scroll of silence
 U - 3 scrolls of magic mapping {!r}
 V - 5 scrolls of identify
Potions
 h - 9 potions of curing
 j - 3 potions of flight
 m - 8 potions of brilliance
 q - 4 potions of heal wounds
 r - 2 potions of magic
 v - a potion of agility
 A - 2 potions of cancellation
 F - 2 potions of ambrosia
 S - a potion of might
Miscellaneous
 k - a lightning rod (4/4)
   (You found it on level 1 of the Spider Nest)
 M - a fan of gales
   (You found it on level 4 of the Lair of Beasts)
 P - a crystal ball of energy
   (You found it on level 12 of the Dungeon)
 Z - a box of beasts
Comestibles
 b - 54 rations


   Skills:
 + Level 19.1 Fighting
 - Level 9.3 Slings
   Level 2.9 Bows
 + Level 12.0 Armour
 + Level 12.8 Dodging
 - Level 2.1 Stealth
 + Level 13.4 Shields
 + Level 17.0 Unarmed Combat
 - Level 5.5 Charms
 - Level 9.4 Necromancy
 - Level 5.8 Translocations
   Level 2.4 Air Magic
 - Level 10.4 Invocations


You had 4 spell levels left.
You knew the following spells:

 Your Spells              Type           Power        Failure   Level  Hunger
a - Shroud of Golubria    Chrm/Tloc      ####......   16%         2    ###....
b - Blink                 Tloc           N/A          16%         2    ###....
c - Passage of Golubria   Tloc           N/A          67%         4    #####..
g - Apportation           Tloc           ####..       11%         1    ##.....
x - Vampiric Draining     Necr           #####.....   7%          3    ####...
A - Animate Dead          Necr           N/A          22%         4    #####..


Dungeon Overview and Level Annotations

Branches:
Dungeon (15/15)            Temple (1/1) D:6            Lair (6/6) D:9
 Shoals (4/4) Lair:2       Spider (4/4) Lair:3        Slime (0/5) Lair:6
    Orc (2/2) D:11            Elf (0/3) Orc:2        Vaults (4/5) D:13
  Crypt (0/3) Vaults:3     Depths (0/5) D:15

Altars:
Ashenzari
Cheibriados
Dithmenos
Elyvilon
Fedhas
Gozag
Hepliaklqana
Kikubaaqudgha
Makhleb
Okawaru
Qazlal
Ru
Sif Muna
Trog
Uskayaw
Vehumet
Wu Jian
Xom
Yredelemnul
Zin
The Shining One
Jiyva

Shops:
D:13 *   Orc:1 *   Orc:2 (?(%   Shoals:4 (   Vaults:1 *

Portals:
Trove: Vaults:4 (give +2 shadow dragon scales)

Annotations:
D:7 4 runed doors
Shoals:3 Nikola
Spider:4 Asterion
Vaults:4 Xtahua


Innate Abilities, Weirdness & Mutations

Your body is rotting away.
You thrive on raw meat.
You are immune to poison.
You have sharp fingernails.
You are carnivorous and can eat meat at any time.
Your flesh is cold resistant. (rC+)
You are immune to negative energy. (rN+++)
You do not regenerate when monsters are visible.
You are immune to unholy pain and torment.
You can survive without breathing.


Message History

There is an open door here.
You open the door.
Some of the chunks of flesh in your inventory have rotted away.
There is an open door here.
You open the door.
Found a stone staircase leading up.
There is an open door here.
You hear a distant "Zot"!
You open the door.
There is an open door here.
There is an open door here.
You open the door.
There is an open door here.
There is an open door here.
Some of the chunks of flesh in your inventory have rotted away.
You open the door.
There is an open door here.
There is an open door here.
Some of the chunks of flesh in your inventory have rotted away.
There is an open door here.
There is an open door here.
All of the chunks of flesh in your inventory have rotted away.
An ironbrand convoker comes into view. It is wielding a mace.
Health restored: 198
a - a +6 fustibalus (weapon)
Firing (i - inventory. (/) - cycle)
Q - 283 sling bullets (quivered)
Aim: an ironbrand convoker, wielding a mace and wearing a ring mail You shoot a sling bullet.
The sling bullet hits the ironbrand convoker.
The ironbrand convoker begins to recite a word of recall!
Firing (i - inventory. (/) - cycle)
Q - 282 sling bullets (quivered)
Aim: an ironbrand convoker, wielding a mace and wearing a ring mail (lightly wounded, chanting recall)
You shoot a sling bullet.
The sling bullet barely misses the ironbrand convoker.
Firing (i - inventory. (/) - cycle)
Q - 281 sling bullets (quivered)
Aim: an ironbrand convoker, wielding a mace and wearing a ring mail (lightly wounded, chanting recall)
You shoot a sling bullet.
The sling bullet hits the ironbrand convoker but does no damage.
The orc priest is recalled.
The orc is recalled.
Xtahua is recalled.
The orc knight is recalled.
The water nymph is recalled. 3 orcs, a two-headed ogre, Xtahua and a water nymph come into view.
You are now empty-clawed.
You claw the water nymph! You block the water nymph's attack.
You eviscerate the water nymph!!!
You kill the water nymph!
Cheibriados appreciates the change of pace.
The water nymph's shape twists and changes as she dies.
You block the orc priest's attack. x2
The ironbrand convoker gestures at the orc while chanting.
The orc seems to grow stronger.
You eviscerate Xtahua!!!
You hear a screech!
You scratch Xtahua. Xtahua bites you but does no damage.
You block Xtahua's attack. x2
You scratch Xtahua but do no damage.
The orc knight roars a battlecry!
The orc priest goes into a battle-frenzy!
Xtahua breathes flames at you. The searing blast hits you!
The orc priest begins to cast a cantrip, but forgets the words!
You take 60 damage, and have 138/198 hp.
MASSIVE DAMAGE!!
The flow of time bends around you.
Cheibriados rebukes the orc knight.
The orc knight seems to slow down.
Xtahua easily resists.
Cheibriados rebukes the two-headed ogre.
The two-headed ogre seems to slow down.
You feel slightly more hungry.
The ironbrand convoker gestures at the orc knight while chanting.
The orc knight seems to grow stronger.
Xtahua bites you but does no damage. Xtahua claws you but does no damage.
You block Xtahua's attack. You block the two-headed ogre's attack.
The two-headed ogre hits you with a giant club!
The orc knight hits you with an enchanted great sword!!
You take 36 damage, and have 102/198 hp.
You now have 24/27 mp.
Unknown command.
As you read the scroll of fear, it crumbles to dust.
You assume a fearsome visage.
The ironbrand convoker resists with some effort.
The orc looks frightened!
The orc priest looks frightened!
The orc knight looks frightened!
Xtahua resists with almost no effort.
The two-headed ogre easily resists.
The ironbrand convoker gestures at Xtahua while chanting.
Xtahua seems to grow stronger.
You block Xtahua's attack. Xtahua completely misses you. Xtahua tramples you!
You stumble backwards!
You take 8 damage, and have 94/198 hp.
Unknown command.
You mangle Xtahua!! Xtahua roars overwhelmingly at you!
You resist with almost no effort.
Okay, then.
Unknown command.
Unknown command.
You mangle Xtahua!!
Your shield and plate armour prevent you from hitting Xtahua.
Xtahua breathes flames at you. The searing blast hits you!
Ouch! That really hurt!
You die...

#.....# #.....#
#.....# #.....#
#.....# +.....#
#.....###############
#............O...o..$
#.........§.@D.......
#............p......%
#..............o.(...
#...............o..(.
#####################


You could see Xtahua, an orc knight (fleeing), a two-headed ogre, an ironbrand
convoker, an orc priest (fleeing) and an orc (fleeing).

Vanquished Creatures
  Margery (Vaults:3)
  The ghost of Gorglomux the Slayer, an adept MiEE of Trog (Vaults:3)
  Arachne (Spider:3)
  Jorgrun (Shoals:3)
  Asterion (Spider:4)
  A sphinx (Vaults:1)
  A kraken (Shoals:4)
  Ilsuiw (Shoals:4)
  A fire giant (Vaults:1)
  A deep elf sorcerer (Vaults:1)
  Aizul (Spider:4)
  An orc warlord (Vaults:4)
  16 vault wardens
  5 emperor scorpions
  The ghost of Kairos the Cleaver, a journeyman HuFi of Okawaru (Shoals:1)
  2 ghost moths (Spider:4)
  An emperor scorpion (shapeshifter) (Vaults:1)
  9 ironheart preservers
  5 very ugly things
  5 entropy weavers
  2 stone giants
  A dire elephant (Lair:6)
  4 spark wasps
  4 merfolk javelineers
  A deep elf annihilator (Vaults:2)
  2 ettins
  2 deep elf death magi
  7 merfolk impalers
  5 yaktaur captains
  An ice dragon (D:12)
  5 ogre magi
  A large abomination (Vaults:1)
  Fannar (Lair:1)
  17 vault guards
  A hydra (Lair:3)
  7 centaur warriors
  2 death knights
  5 merfolk avatars
  2 catoblepae
  26 two-headed ogres
  3 merfolk aquamancers
  A tengu warrior (D:15)
  7 satyrs
  A deep elf knight (Vaults:2)
  5 hell knights (Vaults:3)
  Sonja (D:12)
  A sea snake (shapeshifter) (Vaults:2)
  A skeletal warrior (Vaults:3)
  10 sea snakes
  6 unseen horrors
  6 deep trolls
  4 wizards
  4 harpies
  2 deep elf archers
  7 necromancers
  11 ironbrand convokers
  14 orb spiders
  An orb spider (shapeshifter) (Vaults:2)
  Pikel (D:9)
  9 deep elf magi
  54 ugly things
  11 orc knights
  An orc sorcerer (Vaults:4)
  20 wolf spiders
  16 fauns
  2 moths of wrath
  15 manticores
  8 cyclopes
  A fire giant zombie (Vaults:2)
  An elephant (shapeshifter) (Vaults:4)
  A centaur zombie (D:13)
  7 elephants
  2 torpor snails
  5 water nymphs
  Joseph (D:8)
  5 black mambas
  11 merfolk sirens
  A fire giant skeleton (Vaults:2)
  3 ice statues (IceCv)
  7 vault sentinels
  A water nymph (shapeshifter) (Vaults:4)
  11 spiny frogs
  A gargoyle (D:13)
  2 rime drakes (Lair:6)
  2 kobold demonologists (D:13)
  12 komodo dragons
  2 human zombies (Vaults:2)
  40 yaktaurs
  4 freezing wraiths
  7 ice devils (IceCv)
  8 demonic crawlers
  40 jumping spiders
  6 polar bears
  A queen bee (Spider:1)
  5 harpy zombies (Shoals:2)
  35 merfolk
  6 meliai
  15 trolls
  Grinder (D:4)
  7 snapping turtles
  A tengu simulacrum (Vaults:2)
  4 wind drakes
  A slime creature (Vaults:1)
  7 hippogriffs
  12 blink frogs
  8 dream sheep
  14 hornets
  A meliai zombie (D:13)
  Sigmund (D:4)
  9 water elementals
  58 redbacks
  28 yaks
  19 tarantellas
  2 wraiths (Vaults:1)
  A shadow (Vaults:3)
  4 wyverns
  3 basilisks
  A golden eye (shapeshifter) (D:12)
  10 vampire mosquitoes
  2 hungry ghosts (D:12)
  4 acid dragons
  Edmund (D:4)
  A deep troll zombie (Vaults:4)
  9 wargs
  10 water moccasins
  10 porcupines
  2 elf zombies
  2 eyes of draining
  11 ice beasts
  A slave (D:9)
  31 orc warriors
  5 phantoms
  A sky beast (D:15)
  48 ogres
  A boggart (Vaults:2)
  41 centaurs
  3 wolves (D:9)
  14 crocodiles
  9 big kobolds
  17 bullfrogs
  4 human skeletons (Vaults:2)
  A gnoll sergeant (D:13)
  A glowing shapeshifter simulacrum (Vaults:3)
  20 killer bees
  7 scorpions
  An orc simulacrum (Vaults:2)
  2 human simulacra
  12 wights
  3 howler monkeys
  3 electric eels
  6 crimson imps
  2 bullfrog zombies (D:9)
  A draconian simulacrum (IceCv)
  4 hounds
  10 jellies
  14 orc priests
  The ghost of p0werm0de the Sneak, a weakling FeCK of Xom (D:3)
  5 centaur skeletons
  A bullfrog skeleton (D:4)
  11 orc wizards
  9 worker ants
  2 iguanas
  A spriggan simulacrum (IceCv)
  3 troll simulacra (IceCv)
  A hound zombie (D:7)
  2 hound skeletons
  2 worker ant zombies
  11 gnolls
  14 adders
  3 naga simulacra (IceCv)
  2 ogre simulacra (IceCv)
  2 river rats (Sewer)
  10 shadow imps
  An adder zombie (D:9)
  5 oozes
  An adder skeleton (D:7)
  4 worms
  2 dart slugs
  8 leopard geckos
  76 orcs
  6 giant cockroaches
  6 goblins
  7 hobgoblins
  8 jackals
  4 quokkas
  6 ball pythons
  6 bats
  5 frilled lizards
  32 kobolds
  A leopard gecko skeleton (D:6)
  2 quokka skeletons
  12 rats
  5 tentacles (Shoals:4)
1400 creatures vanquished.

Vanquished Creatures (collateral kills)
  A merfolk aquamancer (Shoals:4)
  An ogre mage (Orc:2)
  A sea snake (Shoals:4)
  A black mamba (Lair:5)
  A troll (Orc:2)
  A water moccasin (Lair:5)
  2 ogres (Orc:2)
  A bullfrog (Lair:5)
  A plant (Lair:5)
10 creatures vanquished.

Vanquished Creatures (others)
  An ogre mage (Vaults:1)
  A jumping spider (Spider:1)
  An ogre (Vaults:4)
  11 fungi
  7 plants
  21 tentacles (Shoals:4)
42 creatures vanquished.

Grand Total: 1452 creatures vanquished

Notes
Turn   | Place    | Note
-------+----------+-------------------------------------------
     0 | D:1      | mhoghedin the Ghoul Monk began the quest for the Orb.
     0 | D:1      | Reached XP level 1. HP: 19/19 MP: 0/0
   171 | D:1      | Reached XP level 2. HP: 19/26 MP: 1/1
   580 | D:1      | Reached XP level 3. HP: 33/33 MP: 2/2
   849 | D:2      | Reached skill level 4 in Fighting
   852 | D:2      | Reached skill level 4 in Unarmed Combat
   960 | D:2      | HP: 6/33 [adder (3)]
   969 | D:2      | HP: 2/33 [adder (4)]
  1147 | D:3      | Reached XP level 4. HP: 30/41 MP: 3/3
  1392 | D:3      | Noticed a big kobold
  1422 | D:3      | Noticed p0werm0de's ghost (weakling FeCK)
  1428 | D:3      | Killed p0werm0de's ghost
  1543 | D:3      | Noticed a centaur
  1560 | D:3      | Killed a centaur
  1560 | D:3      | Reached skill level 5 in Fighting
  1560 | D:3      | Reached skill level 5 in Unarmed Combat
  1560 | D:3      | Reached XP level 5. HP: 21/47 MP: 4/4
  1830 | D:3      | Killed a big kobold
  1830 | D:3      | Reached XP level 6. HP: 34/57 MP: 5/5
  2090 | D:2      | Reached skill level 6 in Fighting
  2090 | D:2      | Reached skill level 6 in Unarmed Combat
  2150 | D:2      | Found a shattered altar of Ashenzari.
  2596 | D:4      | Noticed Grinder
  2875 | D:4      | Killed Grinder
  2875 | D:4      | Reached XP level 7. HP: 54/63 MP: 6/6
  2889 | D:4      | Found a basalt altar of Yredelemnul.
  2894 | D:4      | Reached skill level 7 in Fighting
  2894 | D:4      | Reached skill level 7 in Unarmed Combat
  2955 | D:4      | Noticed Sigmund
  2984 | D:4      | Killed Sigmund
  2984 | D:4      | Reached XP level 8. HP: 41/74 MP: 7/7
  3169 | D:4      | Reached skill level 8 in Unarmed Combat
  3221 | D:4      | Reached skill level 8 in Fighting
  3631 | D:4      | Noticed Edmund
  3641 | D:4      | Killed Edmund
  3653 | D:4      | Found an ornate altar of the Wu Jian Council.
  3655 | D:4      | Found a white marble altar of Elyvilon.
  3655 | D:4      | Found an ancient bone altar of Kikubaaqudgha.
  3657 | D:4      | Found a stormy altar of Qazlal.
  3657 | D:4      | Found a stormy altar of Qazlal.
  3657 | D:4      | Found a shimmering altar of Xom.
  3775 | D:5      | Entered Level 5 of the Dungeon
  3917 | D:5      | Reached skill level 9 in Unarmed Combat
  3976 | D:5      | Reached skill level 9 in Fighting
  4119 | D:5      | Found a glowing drain.
  4137 | Sewer    | Entered a sewer
  4197 | Sewer    | Reached XP level 9. HP: 78/83 MP: 8/8
  4474 | D:5      | Found an ornate altar of the Wu Jian Council.
  4631 | D:5      | Found a sacrificial altar of Ru.
  5257 | D:6      | Reached skill level 10 in Fighting
  5257 | D:6      | Reached skill level 10 in Unarmed Combat
  5289 | D:6      | Found a staircase to the Ecumenical Temple.
  5296 | Temple   | Entered the Ecumenical Temple
  5349 | Temple   | Became a worshipper of Cheibriados the Contemplative
  5349 | Temple   | Reached * piety under Cheibriados
  5349 | Temple   | Reached ** piety under Cheibriados
  5448 | D:6      | Reached skill level 1 in Invocations
  5449 | D:6      | Reached skill level 3 in Dodging
  5471 | D:6      | HP: 15/81 [bullfrog (7)]
  5488 | D:6      | Reached skill level 2 in Invocations
  5613 | D:6      | Reached skill level 3 in Invocations
  5620 | D:6      | Reached skill level 4 in Dodging
  5951 | D:6      | Found a glowing golden altar of the Shining One.
  5951 | D:6      | Found a burning altar of Makhleb.
  5982 | D:7      | Reached *** piety under Cheibriados
  6004 | D:7      | HP: 17/83 [hippogriff (10)]
  6004 | D:7      | HP: 8/83 [hippogriff (8)]
  6005 | D:7      | Reached skill level 4 in Invocations
  7092 | D:7      | Found a shadowy altar of Dithmenos.
  7100 | D:7      | Reached XP level 10. HP: 88/90 MP: 12/12
  7125 | D:7      | Reached skill level 1 in Bows
  7125 | D:7      | Reached skill level 1 in Armour
  7207 | D:7      | Found a white marble altar of Elyvilon.
  7248 | D:7      | Found a huge runed gate.
  7248 | D:7      | Found a huge runed gate.
  7248 | D:7      | Found a huge runed gate.
  7248 | D:7      | Found a huge runed gate.
  7248 | D:7      | Noticed a death yak
  7285 | D:7      | Reached skill level 5 in Dodging
  7616 | D:7      | Found a radiant altar of Vehumet.
  7671 | D:7      | Reached skill level 2 in Bows
  7963 | D:8      | Noticed a two-headed ogre
  7974 | D:8      | Killed a two-headed ogre
  7974 | D:8      | Reached skill level 2 in Armour
  8187 | D:8      | Reached **** piety under Cheibriados
  8421 | D:8      | Reached skill level 3 in Armour
  8597 | D:8      | Found a deep blue altar of Sif Muna.
  8690 | D:8      | Noticed Joseph
  8697 | D:8      | Killed Joseph
  8844 | D:8      | Reached skill level 6 in Dodging
  8844 | D:8      | Reached skill level 5 in Invocations
  9146 | D:9      | HP: 22/94 [hound (3)]
  9420 | D:9      | Found a staircase to the Lair.
  9502 | D:9      | Reached XP level 11. HP: 64/101 MP: 14/14
  9504 | D:9      | Reached skill level 4 in Armour
  9740 | D:9      | Reached skill level 6 in Invocations
  9743 | D:9      | Noticed a two-headed ogre
  9752 | D:9      | HP: 10/101 [two-headed ogre/giant club (17)]
  9753 | D:9      | Killed a two-headed ogre
  9775 | D:9      | Found a stormy altar of Qazlal.
  9980 | D:9      | Noticed Pikel
  9992 | D:9      | Killed Pikel
 10193 | Lair:1   | Entered Level 1 of the Lair of Beasts
 10283 | Lair:1   | Noticed Fannar
 10305 | Lair:1   | Killed Fannar
 10305 | Lair:1   | Reached skill level 11 in Unarmed Combat
 10494 | Lair:1   | Reached skill level 11 in Fighting
 10494 | Lair:1   | Reached skill level 7 in Dodging
 10531 | Lair:1   | Reached skill level 5 in Armour
 10671 | D:10     | Entered Level 10 of the Dungeon
 10803 | Lair:1   | Reached ***** piety under Cheibriados
 10841 | Lair:1   | Reached skill level 7 in Invocations
 11177 | Lair:1   | Learned a level 3 spell: Vampiric Draining
 11182 | Lair:1   | Learned a level 4 spell: Animate Dead
 11276 | Lair:2   | Reached skill level 1 in Necromancy
 11306 | Lair:2   | Reached skill level 2 in Necromancy
 11365 | Lair:2   | Reached skill level 3 in Necromancy
 11365 | Lair:2   | Reached XP level 12. HP: 86/110 MP: 16/16
 11374 | Lair:2   | Reached skill level 4 in Necromancy
 11558 | Lair:2   | Reached skill level 5 in Necromancy
 11566 | Lair:2   | HP: 26/110 [yak (7)]
 11573 | Lair:2   | HP: 23/110 [yak (1)]
 11610 | Lair:2   | Found a staircase to the Shoals.
 11637 | Lair:2   | Reached skill level 6 in Necromancy
 12216 | Lair:3   | Reached skill level 7 in Necromancy
 12902 | Lair:3   | Found a hole to the Spider Nest.
 12991 | Lair:3   | Reached skill level 8 in Necromancy
 13289 | Lair:3   | Noticed a five-headed hydra
 13292 | Lair:3   | Killed a five-headed hydra
 13292 | Lair:3   | Reached skill level 9 in Necromancy
 13839 | Lair:4   | Reached XP level 13. HP: 78/116 MP: 17/17
 13854 | Lair:4   | Found a frozen archway.
 13865 | IceCv    | Entered an ice cave
 14014 | IceCv    | Reached skill level 6 in Armour
 14477 | IceCv    | Reached skill level 8 in Invocations
 14510 | IceCv    | Reached ****** piety under Cheibriados
 14510 | IceCv    | Reached skill level 8 in Dodging
 15184 | Lair:4   | Found the ring of the Mage {Wiz MR++ Int+3}
 15504 | Lair:5   | Reached skill level 12 in Fighting
 15532 | Lair:5   | Reached skill level 12 in Unarmed Combat
 15913 | Lair:5   | Got a fine quarterstaff
 15914 | Lair:5   | Identified the +10 quarterstaff "Orb Guardian's Doom" {flame, rN+ MP+9} (You found it on level 5 of the Lair of Beasts)
 16388 | Lair:6   | Entered Level 6 of the Lair of Beasts
 16400 | Lair:6   | Reached skill level 1 in Shields
 16716 | Lair:5   | Reached skill level 2 in Shields
 16750 | Lair:6   | Reached skill level 3 in Shields
 16936 | Lair:6   | Reached skill level 4 in Shields
 16970 | Lair:6   | Reached skill level 5 in Shields
 17057 | Lair:6   | Reached skill level 6 in Shields
 17083 | Lair:6   | Noticed a dire elephant
 17094 | Lair:6   | Killed a dire elephant
 17094 | Lair:6   | Reached XP level 14. HP: 50/126 MP: 15/19
 17145 | Lair:6   | Reached skill level 7 in Shields
 17325 | Lair:6   | Found a viscous altar of Jiyva.
 17325 | Lair:6   | Found a staircase to the Slime Pits.
 17468 | Lair:6   | Got a translucent scale mail
 17479 | Lair:6   | Identified the +5 scale mail "Reshril" {Regen+ Dex+2 Stlth+} (You found it on level 6 of the Lair of Beasts)
 17519 | Lair:6   | Reached skill level 8 in Shields
 18812 | D:10     | Reached skill level 1 in Slings
 19233 | D:11     | Found a staircase to the Orcish Mines.
 19508 | D:11     | Identified the Compendium of Sand
 19972 | D:11     | Identified Ts'ui Pên's Incunabulum of Forking Paths
 19981 | D:11     | Identified Loutumob's Grimoire of Combed Thunderclap
 20000 | D:11     | Learned a level 6 spell: Deflect Missiles
 20323 | D:12     | Noticed Sonja
 20366 | D:12     | Reached skill level 1 in Charms
 20366 | D:12     | Reached skill level 1 in Air Magic
 20474 | D:12     | Reached skill level 2 in Charms
 20555 | D:12     | Reached skill level 2 in Air Magic
 20820 | D:12     | Killed Sonja
 21265 | D:13     | Reached skill level 7 in Armour
 21628 | D:13     | Found Pusemnig's Changing Room.
 21799 | D:13     | Reached skill level 9 in Shields
 21826 | D:13     | Found a gate to the Vaults.
 21888 | D:13     | Reached skill level 9 in Dodging
 21888 | D:13     | Reached XP level 15. HP: 85/133 MP: 20/20
 23014 | D:14     | Learned a level 2 spell: Blink
 23017 | D:14     | Learned a level 2 spell: Shroud of Golubria
 23032 | D:15     | Entered Level 15 of the Dungeon
 23079 | D:15     | Reached skill level 3 in Charms
 23119 | D:15     | Reached skill level 1 in Translocations
 23362 | D:15     | Reached skill level 2 in Translocations
 23423 | D:15     | Reached skill level 4 in Charms
 23442 | D:15     | Reached skill level 3 in Translocations
 23513 | D:15     | Found a staircase to the Depths.
 23625 | D:15     | Reached skill level 5 in Charms
 23625 | D:15     | Reached skill level 4 in Translocations
 23886 | Orc:1    | Entered Level 1 of the Orcish Mines
 23886 | Orc:1    | Found Fuafig's Fabulous Fripperies.
 24280 | Orc:2    | Entered Level 2 of the Orcish Mines
 24324 | Orc:2    | Found a staircase to the Elven Halls.
 24403 | Orc:2    | Found Utoy's Magic Scroll Emporium.
 24408 | Orc:2    | Reached skill level 13 in Unarmed Combat
 24413 | Orc:2    | Reached skill level 8 in Armour
 24413 | Orc:2    | Reached skill level 13 in Fighting
 24426 | Orc:2    | Reached XP level 16. HP: 97/143 MP: 7/21
 24539 | Orc:2    | Found Tiucer's Weapon Emporium.
 24545 | Orc:2    | Found Widok's Weapon Boutique.
 24643 | Orc:2    | Found Tutyom's Food Shoppe.
 25090 | Orc:1    | Bought a manual of Fighting for 1324 gold pieces
 25223 | Spider:1 | Entered Level 1 of the Spider Nest
 25759 | Spider:1 | Reached skill level 2 in Slings
 26032 | Spider:1 | Reached skill level 3 in Slings
 26509 | Spider:1 | Reached skill level 14 in Fighting
 26922 | Spider:1 | Reached skill level 4 in Slings
 27380 | Spider:2 | Reached skill level 10 in Shields
 27665 | Spider:2 | Reached skill level 15 in Fighting
 27672 | Spider:2 | Reached skill level 14 in Unarmed Combat
 28481 | Spider:3 | Noticed Arachne
 28520 | Spider:3 | Killed Arachne
 28520 | Spider:3 | Reached XP level 17. HP: 113/157 MP: 4/22
 29040 | Spider:4 | Entered Level 4 of the Spider Nest
 29128 | Spider:4 | Reached skill level 10 in Dodging
 29138 | Spider:4 | Noticed Aizul
 29353 | Spider:4 | Killed Aizul
 29512 | Spider:4 | Learned a level 4 spell: Passage of Golubria
 29534 | Spider:4 | Learned a level 1 spell: Apportation
 29559 | Spider:4 | Reached skill level 16 in Fighting
 29563 | Spider:4 | Got a faintly glowing short sword
 29564 | Spider:4 | Identified the +6 short sword of Gravity {pierce, *Drain +Blink rElec SInv} (You found it on level 4 of the Spider Nest)
 29601 | Spider:4 | Noticed Asterion
 29730 | Spider:4 | Killed Asterion
 29730 | Spider:4 | Reached skill level 9 in Invocations
 30012 | Spider:4 | Reached skill level 9 in Armour
 30149 | Spider:4 | Reached skill level 11 in Shields
 30212 | Spider:4 | Reached skill level 5 in Translocations
 30292 | Spider:4 | Got a gossamer rune of Zot
 30683 | Shoals:1 | Entered Level 1 of the Shoals
 30699 | Shoals:1 | Noticed Kairos's ghost (journeyman HuFi)
 30721 | Shoals:1 | Killed Kairos's ghost
 31438 | Shoals:2 | HP: 38/160 [faun/uncursed club[a satyr] (24)]
 31698 | Shoals:2 | Got a tattered robe
 32180 | Shoals:3 | Reached skill level 15 in Unarmed Combat
 32204 | Shoals:3 | Reached XP level 18. HP: 106/168 MP: 24/24
 32331 | Shoals:3 | Noticed Jorgrun
 32346 | Shoals:3 | Killed Jorgrun
 32346 | Shoals:3 | Reached skill level 10 in Invocations
 32361 | Shoals:3 | Noticed Nikola
 32427 | Shoals:3 | Reached skill level 17 in Fighting
 32686 | Shoals:3 | Got a bloodstained leather armour
 32697 | Shoals:3 | Identified the +3 leather armour "Opoliwn" {Slay+5} (You found it on level 3 of the Shoals)
 33279 | Shoals:4 | Entered Level 4 of the Shoals
 33279 | Shoals:4 | Noticed Ilsuiw
 33523 | Shoals:4 | HP: 40/170 [merfolk/trident (22)]
 33541 | Shoals:3 | HP: 42/170 [water elemental (8)]
 33930 | Shoals:3 | Reached skill level 11 in Dodging
 34127 | Shoals:4 | Reached skill level 10 in Armour
 34132 | Shoals:4 | HP: 36/168 [faun/uncursed spear[a satyr] (15)]
 34143 | Shoals:4 | HP: 42/170 [wind drake/the air (4)]
 34146 | Shoals:4 | HP: 20/170 [wind drake/the air (14)]
 34152 | Shoals:4 | Found Puepaent's Weapon Shop.
 34333 | Shoals:4 | Reached skill level 5 in Slings
 34464 | Shoals:4 | Killed Ilsuiw
 34631 | Shoals:4 | Reached skill level 6 in Slings
 35365 | Shoals:4 | Reached skill level 7 in Slings
 35389 | Shoals:4 | Identified a +0 pair of boots of running (You found it on level 4 of the Shoals)
 35557 | Shoals:4 | HP: 39/170 [tentacle[a kraken] (8)]
 35817 | Shoals:4 | Got a barnacled rune of Zot
 36104 | Vaults:1 | Entered Level 1 of the Vaults
 36491 | Vaults:1 | Reached XP level 19. HP: 169/178 MP: 25/25
 36654 | Vaults:1 | Reached skill level 12 in Shields
 36705 | Vaults:1 | HP: 33/179 [large abomination[an ironheart preserver] (26)]
 36998 | Vaults:1 | Reached skill level 18 in Fighting
 37214 | Vaults:1 | Reached skill level 8 in Slings
 37402 | Vaults:1 | Identified a scroll of acquirement
 37405 | Vaults:1 | Got a faintly humming chain mail
 37416 | Vaults:1 | Identified the +6 chain mail of Love and Death {rN+} (You acquired it on level 1 of the Vaults)
 37792 | Vaults:1 | Found Amiduute's Assorted Antiques.
 37859 | Vaults:1 | Bought a transparent marble ring for 175 gold pieces
 37860 | Vaults:1 | Identified the ring "Maim" {rC+++ Str+3 Int-4 Stlth+} (You bought it in a shop on level 1 of the Vaults)
 38109 | Vaults:2 | Reached skill level 16 in Unarmed Combat
 38329 | Vaults:2 | Reached skill level 11 in Armour
 38380 | Vaults:2 | HP: 43/180 [vault warden/halberd (28)]
 38408 | Vaults:2 | HP: 25/180 [ironbrand convoker/great mace (20)]
 38413 | Vaults:2 | HP: 40/180 [vault warden/glaive of chopping (14)]
 38491 | Vaults:2 | Reached skill level 12 in Dodging
 38650 | Vaults:2 | Reached XP level 20. HP: 155/189 MP: 26/26
 38907 | Vaults:2 | Reached skill level 9 in Slings
 39962 | Vaults:3 | Noticed Margery
 39976 | Vaults:3 | Killed Margery
 40031 | Vaults:3 | Reached skill level 13 in Shields
 40158 | Vaults:3 | Noticed Gorglomux's ghost (adept MiEE)
 40177 | Vaults:3 | Killed Gorglomux's ghost
 40438 | Vaults:3 | Found a staircase to the Crypt.
 40766 | Vaults:3 | HP: 25/189 [vault warden/broad axe (28)]
 41298 | Vaults:4 | Found a portal to a secret trove of treasure.
 41362 | Vaults:4 | Upgraded the game from 0.22-a0-322-g60b3cfd to 0.22-a0-346-ga714374
 41429 | Vaults:4 | Reached skill level 19 in Fighting
 41636 | Vaults:4 | Reached skill level 12 in Armour
 41636 | Vaults:4 | Reached XP level 21. HP: 198/198 MP: 27/27
 41656 | Vaults:4 | Reached skill level 17 in Unarmed Combat
 41828 | Vaults:4 | Noticed Xtahua
 41839 | Vaults:4 | Killed from afar by Xtahua

Vault maps used:
D:1:      nagdon_arrival_double_spiral, serial_corexii_hall,
          corexii_hall_statues_deadend, corexii_hall_statues_deadend
D:2:      first_ration, nicolae_ashenzari_panopticon
D:3:      cheibrodos_thug_alley, dk_vineyard_2
D:4:      doesnt_xom_only_xom, yredelemnul_altar_generic, minmay_box_of_dots,
          uniq_edmund, uniq_sigmund, uniq_grinder
D:5:      chequers_temple_overflow_statue_of_worship, portal_sewer_entry_d,
          grunt_ministairs_4, minivault_11
D:6:      gammafunk_temple_overflow_statue, minmay_temple_entry_metal_lava
D:7:      lemuel_bear_cage, grunt_dithmenos_smoke_and_mirrors,
          lemuel_coloured_pillars_altar, roderic_serpentine_path,
          grunt_ogre_cave, serial_bayou_lagoon_a, elyvilon_altar_1
D:8:      lemuel_round_altar, uniq_joseph
D:9:      nicolae_qazlal_general_emergency, erik_lair_island, uniq_pikel
D:10:     moated_statue
D:11:     david_orc_2, bh_hangedman_babel_library
D:12:     minmay_open_boxes_in_corner, uniq_sonja
D:13:     erik_vaults_2, serial_co_window_serial, co_window_corner_a,
          co_window_corner_a, co_window_paths_b, co_window_paths_a,
          co_window_paths_a, co_window_2corner, co_window_of_opportunity_b,
          co_window_corner_b, co_window_corner_ca, co_window_4corner_b,
          glass_columns_a, glass_columns_c, glass_columns_b, glass_columns_a,
          glass_columns_a, minmay_misc_feat_pillars, nicolae_transmutations_shop
D:14:     grunt_decor_fettered
D:15:     hangedman_depths_entry_civil_slaughter, minmay_misc_feat_five,
          lemuel_flamethrower_1
Temple:   nicolae_temple_hex_pool
Lair:1:   lemuel_fruit_tree, uniq_fannar
Lair:2:   minmay_shoals_entry_beasts, serial_bayou_crossing
Lair:3:   spider_nest_entry_a, infiniplex_staircase_pool, lemuel_fruit_fields
Lair:4:   portal_ice_cave_entry_ice_beasts, lemuel_fruit_fields,
          lemuel_fruit_fields
Lair:5:   lab_entry_generic
Lair:6:   gammafunk_lair_ancient_temple, slime_altar_1, serial_forest,
          infiniplex_forest_split, infiniplex_forest_straight_4,
          infiniplex_forest_side_room, infiniplex_forest_corner_1,
          infiniplex_forest_straight_2, infiniplex_forest_lined_3
Shoals:2: nicolae_shoals_undead_eyrie
Shoals:3: uniq_nikola, uniq_jorgrun
Shoals:4: shoals_end_hangedman, shoal_ilsuiw, serial_shops, shop
Spider:1: nicolae_looking_at_the_future
Spider:2: guppyfry_hornet_nest
Spider:3: uniq_arachne
Spider:4: spider_rune_water, uniq_aizul, uniq_asterion
Orc:1:    serial_shops, shop, nicolae_alphabet_shops
Orc:2:    st_orc_open
Vaults:1: nicolae_vaults_know_your_exits, v_rooms_5,
          ontoclasm_vaults_misaligned, v_misc_16, vaults_room_ringed_pool,
          nicolae_vaults_network_periphery, nicolae_vaults_diagonal_hallway_9,
          nicolae_vaults_stairing_the_circle, hangedman_vaults_pinch,
          vaults_mumra_hexcomb, v_misc_23, vaults_mumra_chevron,
          nicolae_vaults_specimen_jars, serial_shops, shop
Vaults:2: hangedman_vaults_nails, hangedman_vaults_nails, hangedman_vaults_maws,
          nicolae_vaults_border_crossing, vaults_dpeg_hooks, v_misc_32,
          v_misc_1, nicolae_vaults_theta, v_misc_13, vaults_dpeg_encased_lava
Vaults:3: vaults_room_pool, minmay_crypt_entry_simple_walls, v_misc_16,
          uniq_margery
Vaults:4: nicolae_vaults_diagonal_hallway_6, v_misc_28, vaults_standard_mumra_x,
          vaults_mumra_minichess, hangedman_vaults_capsules, v_misc_26,
          nicolae_vaults_asterisk, ontoclasm_vaults_shuriken,
          nicolae_vaults_network_s, ontoclasm_vaults_ring_square,
          nicolae_vaults_murderbox, hangedman_vaults_stretched_pinwheel,
          nicolae_trove_entry_free_sample, uniq_xtahua
Sewer:    sewer_co_15_rooms
IceCv:    ice_cave_tombish

Skill      XL: |  1  2  3  4  5  6  7  8  9 10 11 12 13 14 15 16 17 18 19 20 21 |
---------------+----------------------------------------------------------------+-----
Fighting       | 4 5 6 7 9 10 11 12 13 15 16 17 18 19 | 19.1
Unarmed Combat | 4 5 6 7 9 10 11 12 13 14 15 16 17 | 17.0
Invocations    | 4 5 7 8 9 10 | 10.4
Dodging        | 4 6 7 8 9 10 11 12 | 12.8
Bows           | 2 |  2.9
Armour         | 3 5 6 7 8 9 10 11 12 | 12.0
Necromancy     | 3 9 |  9.4
Shields        | 6 9 10 11 12 13 | 13.4
Slings         | 1 4 7 8 9 |  9.3
Charms         | 2 5 |  5.5
Air Magic      | 2 |  2.4
Translocations | 4 5 |  5.8
Stealth        | |  2.1

Action                   |  1- 3 |  4- 6 |  7- 9 | 10-12 | 13-15 | 16-18 | 19-21 || total
-------------------------+-------+-------+-------+-------+-------+-------+-------++-------
Melee: Unarmed           |   120 |   144 |   340 |   527 |  1373 |  1187 |  1220 ||  4911
       Punch             |     3 |     2 |    13 |    41 |    23 |       |       ||    82
 Fire: Shortbow          |       |       |       |    32 |       |       |       ||    32
       Fustibalus        |       |       |       |       |    51 |   669 |     5 ||   725
 Cast: Vampiric Draining |       |       |       |    21 |     6 |     6 |       ||    33
       Animate Dead      |       |       |       |       |     2 |     2 |     1 ||     5
       Shroud of Golubri |       |       |       |       |     3 |     3 |       ||     6
       Blink             |       |       |       |       |       |     1 |       ||     1
Invok: Bend Time         |       |       |     1 |     5 |     5 |     8 |     1 ||    20
       Temporal Distorti |       |       |       |     3 |     3 |     2 |     2 ||    10
       Slouch            |       |       |       |     4 |    10 |    24 |    10 ||    48
       Step From Time    |       |       |       |       |     1 |     3 |     2 ||     6
Evoke: Wand              |       |       |       |     8 |     5 |    12 |     2 ||    27
       Phantom mirror    |       |       |       |       |       |     1 |       ||     1
  Use: Scroll            |       |     7 |     5 |     4 |    27 |    16 |    11 ||    70
       Potion            |       |     2 |     4 |       |     2 |    14 |     1 ||    23
 Stab: Sleeping          |     5 |     1 |     3 |       |     3 |     8 |     1 ||    21
       Distracted        |       |       |       |     1 |     2 |     4 |     1 ||     8
  Eat: Chunk             |    15 |     8 |    43 |    51 |    45 |    79 |    37 ||   278
       Ration            |       |       |       |       |     1 |       |       ||     1
Armor: Robe              |    14 |       |       |       |       |       |       ||    14
       Leather armour    |    17 |    21 |    44 |       |       |     5 |       ||    87
       Chain mail        |       |       |     1 |   193 |   112 |       |       ||   306
       Scale mail        |       |       |       |       |   169 |   398 |    74 ||   641
       Plate armour      |       |       |       |       |       |       |    70 ||    70
Dodge: Dodged            |    91 |    77 |   219 |   378 |   522 |   743 |   252 ||  2282
Block: Large shield      |       |       |       |       |  1474 |  2405 |  1297 ||  5176

Table legend:
 A = Spawn XP
 B = Non-spawn XP
 C = Spawn XP percentage of total XP
 D = Spawn monster count
 E = Non-spawn monster count
 F = Spawn count percentage of total count
 G = Total turns spent on level
                    A         B        C        D         E        F      G
               +---------+---------+-------+---------+---------+-------+---------
         Total |       0 |  500554 |   0.0 |       0 |    1405 |   0.0 | 41839
               +---------+---------+-------+---------+---------+-------+---------
           D:1 |       0 |      34 |   0.0 |       0 |      20 |   0.0 |   844
           D:2 |       0 |      81 |   0.0 |       0 |      21 |   0.0 |   697
           D:3 |       0 |     449 |   0.0 |       0 |      30 |   0.0 |  1464
           D:4 |       0 |    1329 |   0.0 |       0 |      30 |   0.0 |  1330
           D:5 |       0 |     767 |   0.0 |       0 |      20 |   0.0 |  1251
           D:6 |       0 |    1244 |   0.0 |       0 |      26 |   0.0 |   807
           D:7 |       0 |    1061 |   0.0 |       0 |      17 |   0.0 |  1440
           D:8 |       0 |    2586 |   0.0 |       0 |      38 |   0.0 |  1247
           D:9 |       0 |    4412 |   0.0 |       0 |      39 |   0.0 |  1420
          D:10 |       0 |    2262 |   0.0 |       0 |      25 |   0.0 |   793
          D:11 |       0 |    6638 |   0.0 |       0 |      50 |   0.0 |  1168
          D:12 |       0 |    7930 |   0.0 |       0 |      34 |   0.0 |  1172
          D:13 |       0 |   12281 |   0.0 |       0 |      35 |   0.0 |  1154
          D:14 |       0 |   10219 |   0.0 |       0 |      39 |   0.0 |   690
          D:15 |       0 |   14895 |   0.0 |       0 |      27 |   0.0 |   767
        Lair:1 |       0 |    4893 |   0.0 |       0 |      20 |   0.0 |  1124
        Lair:2 |       0 |    5655 |   0.0 |       0 |      20 |   0.0 |  1049
        Lair:3 |       0 |    5635 |   0.0 |       0 |      22 |   0.0 |  1627
        Lair:4 |       0 |    4171 |   0.0 |       0 |      19 |   0.0 |   721
        Lair:5 |       0 |    6682 |   0.0 |       0 |      27 |   0.0 |  1117
        Lair:6 |       0 |   16856 |   0.0 |       0 |      49 |   0.0 |  1058
      Shoals:1 |       0 |   12620 |   0.0 |       0 |      26 |   0.0 |   770
      Shoals:2 |       0 |   10796 |   0.0 |       0 |      23 |   0.0 |  1064
      Shoals:3 |       0 |   20159 |   0.0 |       0 |      36 |   0.0 |  1541
      Shoals:4 |       0 |   39590 |   0.0 |       0 |      66 |   0.0 |  1878
      Spider:1 |       0 |   19127 |   0.0 |       0 |      55 |   0.0 |  1839
      Spider:2 |       0 |   18506 |   0.0 |       0 |      56 |   0.0 |   930
      Spider:3 |       0 |   10457 |   0.0 |       0 |      20 |   0.0 |   808
      Spider:4 |       0 |   34809 |   0.0 |       0 |      67 |   0.0 |  1519
         Orc:1 |       0 |    2259 |   0.0 |       0 |      21 |   0.0 |   486
         Orc:2 |       0 |   18536 |   0.0 |       0 |      77 |   0.0 |   805
      Vaults:1 |       0 |   66680 |   0.0 |       0 |      98 |   0.0 |  1977
      Vaults:2 |       0 |   65791 |   0.0 |       0 |     110 |   0.0 |  1752
      Vaults:3 |       0 |   37697 |   0.0 |       0 |      54 |   0.0 |  1444
      Vaults:4 |       0 |   28528 |   0.0 |       0 |      49 |   0.0 |   562
         Sewer |       0 |     309 |   0.0 |       0 |      18 |   0.0 |   307
         IceCv |       0 |    4610 |   0.0 |       0 |      21 |   0.0 |  1120
               +---------+---------+-------+---------+---------+-------+---------

Vault maps used:
D:1:      nagdon_arrival_double_spiral, serial_corexii_hall,
          corexii_hall_statues_deadend, corexii_hall_statues_deadend
D:2:      first_ration, nicolae_ashenzari_panopticon
D:3:      cheibrodos_thug_alley, dk_vineyard_2
D:4:      doesnt_xom_only_xom, yredelemnul_altar_generic, minmay_box_of_dots,
          uniq_edmund, uniq_sigmund, uniq_grinder
D:5:      chequers_temple_overflow_statue_of_worship, portal_sewer_entry_d,
          grunt_ministairs_4, minivault_11
D:6:      gammafunk_temple_overflow_statue, minmay_temple_entry_metal_lava
D:7:      lemuel_bear_cage, grunt_dithmenos_smoke_and_mirrors,
          lemuel_coloured_pillars_altar, roderic_serpentine_path,
          grunt_ogre_cave, serial_bayou_lagoon_a, elyvilon_altar_1
D:8:      lemuel_round_altar, uniq_joseph
D:9:      nicolae_qazlal_general_emergency, erik_lair_island, uniq_pikel
D:10:     moated_statue
D:11:     david_orc_2, bh_hangedman_babel_library
D:12:     minmay_open_boxes_in_corner, uniq_sonja
D:13:     erik_vaults_2, serial_co_window_serial, co_window_corner_a,
          co_window_corner_a, co_window_paths_b, co_window_paths_a,
          co_window_paths_a, co_window_2corner, co_window_of_opportunity_b,
          co_window_corner_b, co_window_corner_ca, co_window_4corner_b,
          glass_columns_a, glass_columns_c, glass_columns_b, glass_columns_a,
          glass_columns_a, minmay_misc_feat_pillars, nicolae_transmutations_shop
D:14:     grunt_decor_fettered
D:15:     hangedman_depths_entry_civil_slaughter, minmay_misc_feat_five,
          lemuel_flamethrower_1
Temple:   nicolae_temple_hex_pool
Lair:1:   lemuel_fruit_tree, uniq_fannar
Lair:2:   minmay_shoals_entry_beasts, serial_bayou_crossing
Lair:3:   spider_nest_entry_a, infiniplex_staircase_pool, lemuel_fruit_fields
Lair:4:   portal_ice_cave_entry_ice_beasts, lemuel_fruit_fields,
          lemuel_fruit_fields
Lair:5:   lab_entry_generic
Lair:6:   gammafunk_lair_ancient_temple, slime_altar_1, serial_forest,
          infiniplex_forest_split, infiniplex_forest_straight_4,
          infiniplex_forest_side_room, infiniplex_forest_corner_1,
          infiniplex_forest_straight_2, infiniplex_forest_lined_3
Shoals:2: nicolae_shoals_undead_eyrie
Shoals:3: uniq_nikola, uniq_jorgrun
Shoals:4: shoals_end_hangedman, shoal_ilsuiw, serial_shops, shop
Spider:1: nicolae_looking_at_the_future
Spider:2: guppyfry_hornet_nest
Spider:3: uniq_arachne
Spider:4: spider_rune_water, uniq_aizul, uniq_asterion
Orc:1:    serial_shops, shop, nicolae_alphabet_shops
Orc:2:    st_orc_open
Vaults:1: nicolae_vaults_know_your_exits, v_rooms_5,
          ontoclasm_vaults_misaligned, v_misc_16, vaults_room_ringed_pool,
          nicolae_vaults_network_periphery, nicolae_vaults_diagonal_hallway_9,
          nicolae_vaults_stairing_the_circle, hangedman_vaults_pinch,
          vaults_mumra_hexcomb, v_misc_23, vaults_mumra_chevron,
          nicolae_vaults_specimen_jars, serial_shops, shop
Vaults:2: hangedman_vaults_nails, hangedman_vaults_nails, hangedman_vaults_maws,
          nicolae_vaults_border_crossing, vaults_dpeg_hooks, v_misc_32,
          v_misc_1, nicolae_vaults_theta, v_misc_13, vaults_dpeg_encased_lava
Vaults:3: vaults_room_pool, minmay_crypt_entry_simple_walls, v_misc_16,
          uniq_margery
Vaults:4: nicolae_vaults_diagonal_hallway_6, v_misc_28, vaults_standard_mumra_x,
          vaults_mumra_minichess, hangedman_vaults_capsules, v_misc_26,
          nicolae_vaults_asterisk, ontoclasm_vaults_shuriken,
          nicolae_vaults_network_s, ontoclasm_vaults_ring_square,
          nicolae_vaults_murderbox, hangedman_vaults_stretched_pinwheel,
          nicolae_trove_entry_free_sample, uniq_xtahua
Sewer:    sewer_co_15_rooms
IceCv:    ice_cave_tombish

Table legend:
 A = Turns spent in this place as a percentage of turns spent in the entire game.
 B = Non-inter-level travel turns spent in this place as a percentage of non-inter-level travel turns spent in the entire game.
 C = Inter-level travel turns spent in this place as a percentage of turns spent in this place.
 D = Turns resting spent in this place as a percentage of non-inter-level travel turns spent in this place.
 E = Turns spent auto-exploring this place as a percentage of non-inter-level travel turns spent in this place.
 F = Non-inter-level travel turns spent in this place divided by the number of levels of this place that you've seen.
                   A       B       C       D       E      F
               +-------+-------+-------+-------+-------+----------------------
         Total | 100.0 | 100.0 |   8.3 |  19.5 |  51.2 | 1009.2
       Dungeon |  38.8 |  37.5 |  11.5 |  16.2 |  59.1 | 957.9
        Temple |   0.2 |   0.1 |  42.3 |   0.0 |  87.5 |  56.0
          Lair |  16.0 |  15.3 |  12.3 |  20.5 |  55.9 | 978.7
        Shoals |  12.6 |  13.1 |   4.4 |  26.4 |  40.9 | 1255.0
   Spider Nest |  12.2 |  12.7 |   4.5 |  17.8 |  50.8 | 1216.2
  Orcish Mines |   3.1 |   2.9 |  12.4 |   0.0 |  63.7 | 565.5
        Vaults |  13.7 |  14.6 |   2.1 |  17.8 |  41.0 | 1403.0
         Sewer |   0.7 |   0.8 |   0.0 |   0.0 |  44.3 | 307.0
      Ice Cave |   2.7 |   2.9 |   0.0 |  65.5 |  11.8 | 1120.0
               +-------+-------+-------+-------+-------+----------------------

Table legend:
 A = Kills in this place as a percentage of kills in entire the game.
 B = Kills by you in this place as a percentage of kills by you in the entire game.
 C = Kills by friends in this place as a percentage of kills by friends in the entire game.
 D = Other kills in this place as a percentage of other kills in the entire game.
 E = Experience gained in this place as a percentage of experience gained in the entire game.
 F = Experience gained in this place divided by the number of levels of this place that you have seen.
                   A       B       C       D       E      F
               +-------+-------+-------+-------+-------+----------------------
         Total | 100.0 | 100.0 | 100.0 | 100.0 | 100.0 | 13172.5
       Dungeon |  32.1 |  32.4 |   0.0 |   0.0 |  13.2 | 4412.5
          Lair |  11.2 |  11.0 |  33.3 |   0.0 |   8.8 | 7315.3
        Shoals |  10.7 |  10.7 |  22.2 |   0.0 |  16.6 | 20791.2
   Spider Nest |  14.1 |  14.2 |   0.0 |   0.0 |  16.6 | 20724.8
  Orcish Mines |   7.0 |   6.7 |  44.4 |   0.0 |   4.2 | 10397.5
        Vaults |  22.1 |  22.2 |   0.0 | 100.0 |  39.7 | 49674.0
         Sewer |   1.3 |   1.3 |   0.0 |   0.0 |   0.1 | 309.0
      Ice Cave |   1.5 |   1.5 |   0.0 |   0.0 |   0.9 | 4610.0
               +-------+-------+-------+-------+-------+----------------------
